 Dungeon Crawl Stone Soup version 0.31-a0-963-ga325b2283a (webtiles) character file.

Game seed: 2977552823921497404

1519 Newt the Spear-Bearer (level 8, -1/61 HPs)
             Began as a Merfolk Gladiator on Oct 25, 2023.
             Slain by a hornet (17 damage)
             ... on level 7 of the Dungeon.
             The game lasted 00:04:34 (5611 turns).

Newt the Spear-Bearer (Merfolk Gladiator)           Turns: 5611, Time: 00:04:36

Health: -1/61      AC:  3    Str: 16    XL:     8   Next: 84%
Magic:  8/8        EV: 15    Int:  8    God:
Gold:   352        SH:  0    Dex: 15    Spells: 7/7 levels left

rFire   . . .        s - +3 glaive (flame)
rCold   . . .        (shield currently unavailable)
rNeg    . . .        b - +0 leather armour
rPois   .            c - melded +0 helmet
rElec   .            (cloak currently unavailable)
rCorr   .            k - melded +0 pair of gloves
SInv    .            h - melded +0 pair of boots
Will    .....        (no amulet)
Stlth   +            (no ring)
HPRegen 0.30/turn    (no ring)
MPRegen 0.11/turn

%: no passive effects
@: lethally poisoned (-1 -> -20), beast-form, slowed, very slow
A: beast (slay +4), (nimble swimmer 2), mertail
a: Begin Untransformation


You were on level 7 of the Dungeon.
You were a hulking beast.
You visited 1 branch of the dungeon, and saw 7 of its levels.

You collected 352 gold pieces.

Inventory:

Hand Weapons
 a - a +1 trident
 s - a +3 glaive of flaming (weapon)
Missiles
 d - a throwing net (quivered)
 e - a javelin
Armour
 b - a +0 leather armour (worn)
 c - a +0 helmet (melded)
 h - a +0 pair of boots (melded)
 k - a +0 pair of gloves (melded)
 p - a +0 helmet
Talismans
 i - a beast talisman (active)
Wands
 j - a wand of mindburst (15)
 m - a wand of flame (24)
Scrolls
 f - 2 scrolls of poison
 g - a scroll of fear
 v - a scroll of fog
Potions
 l - a potion of might {unknown}
 n - 2 potions of brilliance
 o - 2 potions of enlightenment
 q - a potion of lignification
 r - 2 potions of berserk rage
 u - a potion of haste {unknown}


   Skills:
 - Level 4.6 Fighting
 + Level 9.0 Polearms
 - Level 2.0 Throwing
 - Level 8.0 Dodging
 - Level 7.0 Shapeshifting


You had 7 spell levels left.
You didn't know any spells.
Your spell library contained the following spells:

 Spells                   Type           Power      Damage    Failure   Level
 Cigotuvi's Dreadful Rot  Necr/Pois/Air  0%         N/A       63%         2
 Ignite Poison            Fire/Tmut/Pois 0%         N/A       85%         3
 Freezing Cloud           Conj/Ice/Air   0%         6-21      100%        5


Dungeon Overview and Level Annotations

Branches:
Dungeon (7/15)
 Temple: D:4-7

Altars:

Annotations:
D:3 3 runed translucent doors, p00ps00p's ghost, amateur HOFi


Innate Abilities, Weirdness & Mutations

You are a hulking beast.
Your limbs bulge with bestial killing power. (Slay +4)
((You are very nimble when in or above water. (Stealth+, EV+, Speed+++)))
Your lower body shifts to a powerful aquatic tail in water.


Message History

You reach to attack!
You barely miss the kobold brigand.
The kobold brigand hits you with a +0 dagger.
You barely miss the kobold brigand.
The kobold brigand completely misses you.
You slash the kobold brigand! You burn the kobold brigand.
The kobold brigand is moderately wounded.
The kobold brigand hits you with a +0 dagger.
You slice the kobold brigand!! You burn the kobold brigand.
You kill the kobold brigand!
The hornet stings you!
You feel yourself slow down.
Your Polearms skill increases to level 9!
You barely miss the hornet. The hornet stings you!
You feel as though you will be slow longer.
The hornet stings you.
You feel as though you will be slow longer.
The hornet barely misses you.
You are too injured to fight recklessly!
A hornet is nearby!
Unknown command.
Throw: 2 throwing nets
Press: ? - help, Q - select action, (/) - cycle Shift-Dir - straight line, f - hornet
Aim: a hornet (51% to hit)
You throw a throwing net.
The throwing net closely misses the hornet.
The hornet closely misses you. The hornet stings you!
* * * LOW HITPOINT WARNING * * *
You are lethally poisoned!
You feel as though you will be slow longer.
Throw: throwing net
Press: ? - help, Q - select action, (/) - cycle Shift-Dir - straight line, f/p - hornet
Aim: a hornet (51% to hit)
Okay, then.
It was a potion of heal wounds.
You feel much better.
You feel very sick. The hornet stings you!
* * * LOW HITPOINT WARNING * * *
You are lethally poisoned!
You feel as though you will be slow longer.
The hornet misses you. The hornet stings you!
You die...

..#.#####...#######
.##.####..#.#
.........##.#
..#########.#
#.#.....# #.#♣ ♣#
#.#.###.###.#.♣ ♣.#
#.#. .#...#♣.♣.♣
###.
#.##..#♣♣.♣♣♣♣.♣ ..
#........⌠hy.(♣ .#
####..#♣♣.♣♣♣♣.♣
#..#♣.♣.♣ #..#.♣
♣.# #..#♣ ♣# #..#
#..# ...#


You could see a hornet.

Vanquished Creatures
  A steam dragon (D:5)
  A water moccasin (D:5)
  A sky beast (D:7)
  An ogre (D:4)
  3 centaurs (D:6)
  A kobold brigand (D:7)
  3 phantoms
  Blork the orc (D:5)
  A scorpion (D:4)
  A howler monkey (D:5)
  A hound (D:6)
  An orc priest (D:5)
  3 iguanas
  2 orc wizards (D:5)
  A sleepcap (D:4)
  Robin (D:4)
  7 adders
  A shadow imp (D:5)
  A white imp (D:5)
  A worm (D:5)
  A dart slug (D:1)
  13 orcs
  5 ball pythons
  8 endoplasms
  5 giant cockroaches
  12 goblins
  8 hobgoblins
  3 quokkas (D:4)
  A bat (D:1)
  8 kobolds
  4 rats
101 creatures vanquished.

Notes
Turn   | Place    | Note
-------+----------+-------------------------------------------
     0 | D:1      | Newt the Merfolk Gladiator began the quest for the Orb.
     0 | D:1      | Reached XP level 1. HP: 16/16 MP: 1/1
   173 | D:1      | Reached XP level 2. HP: 22/23 MP: 2/2
   354 | D:1      | Found a faded altar of an unknown god.
   719 | D:1      | Reached XP level 3. HP: 24/30 MP: 3/3
  1506 | D:2      | Identified the +5 short sword of Drought {antimagic, rF+
                  | Int+4}
  1642 | D:3      | Reached XP level 4. HP: 38/38 MP: 4/4
  2045 | D:3      | Found a runed translucent gate.
  2045 | D:3      | Found a runed translucent gate.
  2046 | D:3      | Noticed p00ps00p's ghost (amateur HOFi)
  2047 | D:3      | Found a runed translucent gate.
  2145 | D:4      | Noticed a scorpion
  2158 | D:4      | Killed a scorpion
  2159 | D:4      | Reached skill level 5 in Polearms
  2159 | D:4      | Reached XP level 5. HP: 5/43 MP: 5/5
  2221 | D:4      | Reached skill level 6 in Polearms
  2367 | D:4      | Noticed an ogre
  2377 | D:4      | Killed an ogre
  2378 | D:4      | Reached skill level 7 in Polearms
  2378 | D:4      | Reached XP level 6. HP: 30/49 MP: 6/6
  2652 | D:4      | Noticed Robin
  2656 | D:4      | Killed Robin
  3042 | D:5      | Entered Level 5 of the Dungeon
  3080 | D:5      | Reached skill level 8 in Polearms
  3180 | D:5      | Reached skill level 1 in Shapeshifting
  3381 | D:5      | Noticed Blork the orc
  3393 | D:5      | Killed Blork the orc
  3394 | D:5      | Reached XP level 7. HP: 25/55 MP: 7/7
  3522 | D:5      | Reached skill level 5 in Shapeshifting
  3782 | D:5      | Noticed a steam dragon
  3789 | D:5      | Killed a steam dragon
  3790 | D:5      | Reached XP level 8. HP: 61/61 MP: 8/8
  3963 | D:5      | Reached skill level 5 in Dodging
  5604 | D:7      | Noticed a hornet
  5609 | D:7      | Reached skill level 9 in Polearms
  5611 | D:7      | Slain by a hornet

Illustrated notes

Levels and vault maps discovered:
D:1:      minmay_arrival_cross, layout_loops_ring,
          hellmonk_ecumenical_altar_inner_sanctum
D:2:      layout_loops_ring, hangedman_decor_growths
D:3:      layout_basic, gammafunk_ghost_split, hangedman_abyss_or_decor_stabs,
          nicolae_half_adder
D:4:      layout_basic, hangedman_decor_lopped, chequers_serial_rivers_marsh,
          minmay_misc_feat_more_columns, grunt_decor_arrowhead, uniq_robin
D:5:      layout_loops_ring, uniq_blork_the_orc
D:6:      layout_loops_ring
D:7:      nzn_winding_woodlands_stair_cross
          [nzn_winding_woodlands_5x15_split_checker,
          nzn_winding_woodlands_center_pierced_h,
          nzn_winding_woodlands_5x15_pool,
          nzn_winding_woodlands_5x5_closed_star,
          nzn_winding_woodlands_5x5_open_star,
          nzn_winding_woodlands_5x15_pathside_ponds,
          nzn_winding_woodlands_center_diamonds,
          nzn_winding_woodlands_5x15_crooked], layout_rooms,
          minmay_temple_entry_drinking_statues, serial_co_window_serial,
          co_window_corner_a, co_window_corner_a, co_window_paths_a,
          co_window_paths_a, co_window_corner_a, co_window_paths_b,
          co_window_paths_a, co_window_paths_a, co_window_corner_a,
          co_window_cross_3, co_window_corner_b, co_window_corner_b,
          co_window_of_opportunity_c, glass_columns_a, glass_columns_b,
          glass_columns_a, nicolae_elemental_shop, nicolae_underground_beach

Skill      XL: |  1  2  3  4  5  6  7  8 |
---------------+-------------------------+-----
Fighting       | 3 4 |  4.6
Polearms       | 5 7 8 9 |  9.0
Shapeshifting  | 3 6 7 |  7.0
Dodging        | 8 |  8.0
Throwing       | |  2.0

Action                     |  1- 3 |  4- 6 |  7- 9 || total
---------------------------+-------+-------+-------++-------
  Melee: Trident           |    86 |   154 |       ||   240
         Glaive            |       |       |    66 ||    66
  Throw: Throwing net      |       |     3 |     3 ||     6
    Use: Scroll            |     7 |     4 |     2 ||    13
         Potion            |       |     1 |     1 ||     2
   Stab: Sleeping          |     1 |       |     1 ||     2
         Held in net/web   |       |     2 |       ||     2
 Armour: Leather armour    |    31 |    74 |    57 ||   162
  Dodge: Dodged            |    40 |    62 |    33 ||   135
   Form: Beast             |       |       |     1 ||     1

Table legend: (Time is in decaauts)
 A = Elapsed time spent in this place.
 B = Non-inter-level travel time spent in this place.
 C = Inter-level travel time spent in this place.
 D = Time resting spent in this place.
 E = Time spent auto-exploring this place.
 F = Levels seen in this place.
 G = Mean time per level.
                   A        B        C        D        E       F      G
               +--------+--------+--------+--------+--------+-----+--------+
         Total |   5635 |   5392 |    243 |    848 |   3848 |   7 |  805.0 |
       Dungeon |   5635 |   5392 |    243 |    848 |   3848 |   7 |  805.0 |
               +--------+--------+--------+--------+--------+-----+--------+

Top non-repeatable levels by time:
     D:5: 1264 daAuts
     D:6: 1113 daAuts
     D:4: 907 daAuts
     D:1: 816 daAuts
     D:2: 731 daAuts
     D:3: 597 daAuts
     D:7: 204 daAuts
